 Dungeon Crawl Stone Soup version 0.25-a0-287-g56a5b49892 (webtiles) character file.

Game seed: 6890355556528918585, levelgen mode: deterministic

67 D1HalberdGnoll the Insei (level 3, -3/29 HPs)
             Began as a Draconian Transmuter on Dec 12, 2019.
             Slain by a gnoll
             ... wielding a +0 halberd
              (10 damage)
             ... on level 2 of the Dungeon.
             The game lasted 00:02:30 (1624 turns).

D1HalberdGnoll the Insei (Draconian Transmuter)     Turns: 1624, Time: 00:02:30

Health: -3/29      AC:  5    Str: 12    XL:     3   Next: 98%
Magic:  6/6        EV: 12    Int: 13    God:
Gold:   18         SH:  0    Dex: 12    Spells: 4/7 levels left

rFire    . . .     SeeInvis .     - Unarmed
rCold    . . .     Gourm    .   (no shield)
rNeg     . . .     Faith    .   (armour unavailable)
rPois    .         Spirit   .   (helmet restricted)
rElec    .         Reflect  .   (no cloak)
rCorr    .         Harm     .   (no gloves)
MR       .....                  (no boots)
Stlth    +.........             (no amulet)
HPRegen  0.09/turn              (no ring)
MPRegen  0.10/turn              (no ring)

@: no status effects
A: unfitting armour, cold-blooded, AC +5
a: no special abilities


You were on level 2 of the Dungeon.
You were not hungry.

You visited 1 branch of the dungeon, and saw 2 of its levels.

You collected 18 gold pieces.

Inventory:

Missiles
 a - 7 arrows
 g - 6 poisoned darts (quivered)
Jewellery
 h - an uncursed ring of magical power {unknown}
Scrolls
 b - a scroll of remove curse {unknown}
 e - 2 scrolls of magic mapping {unknown}
 f - 2 scrolls of random uselessness {unknown}
Potions
 d - a potion of brilliance {unknown}
 i - a potion of flight {unknown}
Comestibles
 c - 2 rations
 j - 6 chunks of flesh


   Skills:
 + Level 2.1 Fighting
 - Level 1.7 Dodging
 * Level 3.8 Unarmed Combat
 + Level 2.5 Spellcasting
 + Level 2.5 Transmutations


You had 4 spell levels left.
You knew the following spells:

 Your Spells              Type           Power        Failure   Level  Hunger
a - Beastly Appendage     Tmut           #.....       9%          1    #......
b - Sticks to Snakes      Tmut           #.......     13%         2    ###....

Your spell library contained the following spells:

 Spells                   Type           Power        Failure   Level  Hunger
 Spider Form              Tmut/Pois      #.........   41%         3    ###....
 Ice Form                 Ice/Tmut       #.......     82%         4    #####..
 Blade Hands              Tmut           #.........   93%         5    ######.


Dungeon Overview and Level Annotations

Branches:
Dungeon (2/15)

Altars:


Innate Abilities, Weirdness & Mutations

Your plain brown scales are hard. (AC +5)
You cannot fit into any form of body armour.
You are cold-blooded and may be slowed by cold attacks.


Message History

Confirm with . or Enter, or press ? or * to list all spells.
Your feet morph into talons.
You climb downwards.
Your transformation is almost over.
There is a stone staircase leading up, spattered with blood here.
The gnoll hits you from afar with a +0 halberd!
The gnoll hits you with a +0 halberd!
* * * LOW HITPOINT WARNING * * *
You closely miss the gnoll. You barely miss the gnoll. The gnoll misses you.
Okay, then.
You aren't carrying any items that you can evoke.
Unknown command.
Okay, then.
The gnoll hits you from afar with a +0 halberd.
* * * LOW HITPOINT WARNING * * *
There is a stone staircase leading up, spattered with blood here.
Your talons disappear.
The gnoll hits you from afar with a +0 halberd!
You die...

.(#...g..#
##.#.#....#
..(#.#....#
.(#.#h..##
.)#[#.h..#
#h#.#....#
#h#g#....#
#)#.#.####
#.#@#.#
#.###.###
#.h.#...#
###g###.#
#.# #.#
#.###.#
#.g...#
#######


You could see a gnoll.

Vanquished Creatures
  2 gnolls
  2 dart slugs (D:1)
  2 leopard geckos (D:1)
  A goblin (D:1)
  2 hobgoblins (D:1)
  5 jackals (D:1)
  A ball python (D:1)
  8 bats
  4 frilled lizards (D:1)
  3 kobolds (D:1)
  3 rats (D:1)
33 creatures vanquished.

Vanquished Creatures (collateral kills)
  A gnoll (D:2)
  A goblin (D:1)
  A jackal (D:1)
  A frilled lizard (D:2)
4 creatures vanquished.

Grand Total: 37 creatures vanquished

Notes
Turn   | Place    | Note
-------+----------+-------------------------------------------
     0 | D:1      | D1HalberdGnoll the Draconian Transmuter began the quest for
                  | the Orb.
     0 | D:1      | Reached XP level 1. HP: 16/16 MP: 3/3
   174 | D:1      | Reached XP level 2. HP: 13/23 MP: 5/5
   469 | D:1      | Learned a level 2 spell: Sticks to Snakes
   906 | D:1      | Reached XP level 3. HP: 26/29 MP: 4/6
  1624 | D:2      | Slain by a gnoll

Levels and vault maps discovered:
D:1:      minmay_arrival_doors, layout_basic
D:2:      layout_basic, first_ration, uniq_terence

Skill      XL: |  1  2  3 |
---------------+----------+-----
Fighting       | 2 |  2.1
Dodging        | |  1.7
Unarmed Combat | |  3.8
Spellcasting   | |  2.5
Transmutations | |  2.5

Action                   || total
-------------------------++-------
Melee: Unarmed           ||   121
       Kick              ||     6
       Tailslap          ||     7
       Headbutt          ||     3
Throw: Dart              ||     7
 Cast: Beastly Appendage ||    10
       Sticks to Snakes  ||     6
  Eat: Chunk             ||     3
Armor: Skin              ||    55
Dodge: Dodged            ||   129

Table legend:
 A = Non-vault XP
 B = Vault XP
 C = Vault XP percentage of total XP
 D = Non-vault monster count
 E = Vault monster count
 F = Vault count percentage of total count
                 A         B        C        D         E       F
            +---------+---------+-------+---------+---------+-------
      Total |      96 |       0 |   0.0 |      37 |       0 |   0.0
            +---------+---------+-------+---------+---------+-------
        D:1 |      69 |       0 |   0.0 |      33 |       0 |   0.0
        D:2 |      27 |       0 |   0.0 |       4 |       0 |   0.0
            +---------+---------+-------+---------+---------+-------
